 Dungeon Crawl Stone Soup version 0.28.0-53-g5a82cb258f (webtiles) character file.

Game seed: 2661575677219943478

12038 Infinimo the Basher (level 11, -15/124 HPs)
             Began as an Ogre Gladiator on May 29, 2022.
             Was a High Priest of Okawaru.
             Hit by a large rock thrown by a cyclops (37 damage)
             ... on level 11 of the Dungeon on May 30, 2022.
             The game lasted 00:16:50 (14976 turns).

Infinimo the Basher (Ogre Gladiator)               Turns: 14976, Time: 00:16:51

Health: -15/124    AC:  5    Str: 28    XL:     11   Next: 87%
Magic:  11/11      EV: 16    Int:  9    God:    Okawaru [*****.]
Gold:   531        SH:  0    Dex: 21    Spells: 10/10 levels left

rFire   + . .      SeeInvis .   o - +5 whip "Witirep" {protect, Str+4 Dex+5}
rCold   . . .      Faith    .   m - orb {light}
rNeg    . . .      Spirit   .   M - +2 robe {Will+}
rPois   .          Reflect  .   c - +0 hat
rElec   .          Harm     .   (no cloak)
rCorr   .          Rampage  .   (gloves unavailable)
Will    ++...                   (boots unavailable)
Stlth   +.........              (no amulet)
HPRegen 0.30/turn               C - ring of protection from fire
MPRegen 0.12/turn               E - +6 ring of dexterity

@: glowing
A: large, unfitting armour, tough skin 1
a: Renounce Religion, Heroism, Finesse, Duel


You were on level 11 of the Dungeon.
You worshipped Okawaru.
Okawaru was extremely pleased with you.
You visited 2 branches of the dungeon, and saw 12 of its levels.

You collected 755 gold pieces.
You spent 224 gold pieces at shops.

Inventory:

Hand Weapons
 o - the +5 whip "Witirep" (weapon) {protect, Str+4 Dex+5}
   (You found it on level 4 of the Dungeon)

   It grants its wielder temporary protection when it strikes (+7 to AC).
   Str:       It affects your strength (+4).
   Dex:       It affects your dexterity (+5).
 A - a +5 great mace of protection
Missiles
 d - a throwing net (quivered)
 f - 11 poisoned darts
 h - 45 sling bullets
 H - 2 large rocks
Armour
 c - a +0 hat (worn)
 m - an orb of light (worn)
 M - a +2 robe of willpower (worn)
Jewellery
 i - a ring of positive energy
 k - the ring of the Moon {MP+9 Dex+2}
   (You found it on level 3 of the Dungeon)

   [ring of magical power]

   Dex:       It affects your dexterity (+2).
   MP:        It affects your magic capacity (+9).
 C - a ring of protection from fire (left hand)
 E - a +6 ring of dexterity (right hand)
 F - an amulet of magic regeneration
Wands
 g - a wand of digging (7)
 t - a wand of polymorph (24)
 u - a wand of flame (6)
 y - a wand of iceblast (11)
Scrolls
 a - 3 scrolls of identify
 e - 2 scrolls of enchant weapon
 j - a scroll of noise
 n - a scroll of fear
 p - 5 scrolls of blinking
 s - 4 scrolls of teleportation
 w - a scroll of fog
 x - 4 scrolls of amnesia
Potions
 b - a potion of haste {unknown}
 l - 7 potions of curing
 q - a potion of invisibility
 r - a potion of magic
 v - a potion of attraction
 z - 4 potions of mutation
 B - a potion of resistance
 I - a potion of heal wounds {unknown}
 J - 3 potions of flight
 K - 2 potions of ambrosia
 L - a potion of might


   Skills:
 + Level 12.3 Fighting
 * Level 12.4 Maces & Flails
 - Level 2.0 Throwing
 + Level 9.0 Dodging


You had 10 spell levels left.
You didn't know any spells.
Your spell library contained the following spells:

 Spells                   Type           Power      Damage    Failure   Level
 Apportation              Tloc           0%         N/A       38%         1
 Ensorcelled Hibernation  Hex/Ice        0%         N/A       52%         2
 Passwall                 Tmut/Erth      0%         N/A       52%         2
 Sublimation of Blood     Necr           0%         N/A       52%         2
 Portal Projectile        Hex/Tloc       0%         N/A       77%         3
 Spider Form              Tmut/Pois      0%         N/A       77%         3
 Swiftness                Air            0%         N/A       77%         3
 Anguish                  Hex/Necr       0%         N/A       99%         4
 Leda's Liquefaction      Hex/Erth       0%         N/A       99%         4
 Passage of Golubria      Tloc           0%         N/A       99%         4
 Petrify                  Tmut/Erth      0%         N/A       99%         4
 Irradiate                Conj/Tmut      0%         3d13      100%        5
 Silence                  Hex/Air        0%         N/A       100%        5
 Eringya's Noxious Bog    Tmut/Pois      0%         N/A       100%        6
 Lehudib's Crystal Spear  Conj/Erth      0%         10d2      100%        8
 Animate Skeleton         Necr           Unusable   N/A       N/A         1
 Summon Small Mammal      Summ           Unusable   N/A       N/A         1
 Call Canine Familiar     Summ           Unusable   N/A       N/A         3
 Summon Forest            Summ/Tloc      Unusable   N/A       N/A         5
 Summon Hydra             Summ           Unusable   N/A       N/A         7

Dungeon Overview and Level Annotations

Branches:
Dungeon (11/15)            Temple (1/1) D:5            Lair (0/6) D:8
    Orc: D:9-12

Altars:
Ashenzari
Cheibriados
Dithmenos
Elyvilon
Fedhas
Gozag
Hepliaklqana
Kikubaaqudgha
Makhleb
Nemelex Xobeh
Okawaru
Qazlal
Ru
Sif Muna
Trog
Uskayaw
Vehumet
Wu Jian
Xom
Yredelemnul
Zin
The Shining One

Shops:
D:3 (   D:9 [


Innate Abilities, Weirdness & Mutations

You are too large for most types of armour.
You have tough skin. (AC +1)


Message History

Press: ? - help, Q - select action, (/) - cycle Shift-Dir - straight line, f/p - cyclops
Aim: a cyclops, quivering large rocks (lightly wounded, 89% to hit, immune to nets)
You throw a throwing net. The throwing net hits the cyclops.
The cyclops is too large for the net to hold!
The cyclops is lightly wounded.
Throw: 4 throwing nets
Press: ? - help, Q - select action, (/) - cycle Shift-Dir - straight line, f/p - cyclops
Aim: a cyclops, quivering large rocks (lightly wounded, 89% to hit, immune to nets)
You throw a throwing net. The throwing net hits the cyclops.
The cyclops is too large for the net to hold!
The cyclops is lightly wounded.
Throw: 3 throwing nets
Press: ? - help, Q - select action, (/) - cycle Shift-Dir - straight line, f/p - cyclops
Aim: a cyclops, quivering large rocks (lightly wounded, 89% to hit, immune to nets)
You throw a throwing net. The throwing net hits the cyclops.
The cyclops is too large for the net to hold!
The cyclops is lightly wounded.
The cyclops throws a large rock.
The large rock hits you!!
Throw: 2 throwing nets
Press: ? - help, Q - select action, (/) - cycle Shift-Dir - straight line, f/p - cyclops
Aim: a cyclops, quivering large rocks (lightly wounded, 89% to hit, immune to nets)
You throw a throwing net. The throwing net hits the cyclops.
The cyclops is too large for the net to hold!
The cyclops is lightly wounded.
That's the wrong kind of item! (Use * to select it.) Fire/throw which item? (* to show all) (? for menu, Esc to quit)
Throw: 3 large rocks
Press: ? - help, Shift-Dir - straight line, f/p - cyclops
Aim: a cyclops, quivering large rocks (lightly wounded, 89% to hit)
You throw a large rock. The large rock hits the cyclops!!
The cyclops is heavily wounded.
The cyclops throws a large rock.
The large rock hits you!!
The cyclops throws a large rock.
The large rock hits you!!!
* * * LOW HITPOINT WARNING * * *
Okay, then.
Okay, then.
Okay, then.
Okay, then.
The cyclops throws a large rock.
The large rock hits you!!!
You die...

#...(..# #...(..# ###
##......# #.. #...C...#
#.# #.......#.#
#.#####..?......#
#.##......##.##..
##.##.##...##.##.##.#
##..<#.##.....@......#
##......#.......##.####
#..........(..###
..#......###......$
#.##...#.....#.#### #
##.########.# ### #.#
#.#


You could see a cyclops.

Vanquished Creatures
  Harold (D:9)
  2 two-headed ogres
  Pikel (D:8)
  A cyclops (D:7)
  Maurice (D:9)
  Joseph (D:8)
  2 komodo dragons
  Prince Ribbit (D:7)
  A slime creature (D:9)
  A wraith (D:10)
  4 hogs (D:10)
  3 wyverns (D:8)
  A basilisk (D:8)
  9 yaks
  A human (D:10)
  3 acid dragons
  2 water moccasins
  An orc warrior (D:7)
  2 ice beasts (D:7)
  2 black bears
  A necrophage (D:4)
  2 ogres (D:6)
  4 centaurs (D:9)
  A phantom (D:4)
  A lemure (D:8)
  A gnoll sergeant (D:10)
  A wyvern zombie (D:6)
  5 scorpions
  6 bullfrogs
  A water moccasin skeleton (D:6)
  13 killer bees
  12 wights
  3 centaur zombies
  A jelly (D:2)
  6 orc priests
  4 hounds
  2 gnoll shamans (D:8)
  9 iguanas
  A bullfrog skeleton (D:4)
  A centaur skeleton (D:5)
  Ijyb (D:4)
  Natasha (twice) (D:2)
  7 orc wizards
  2 hound skeletons (D:5)
  7 adders
  17 gnolls
  2 river rats (D:3)
  A white imp (D:6)
  3 worms
  3 dart slugs
  23 orcs
  10 bats
  6 endoplasms
  3 giant cockroaches
  17 goblins
  6 hobgoblins
  3 jackals (D:4)
  4 quokkas
  12 ball pythons
  5 frilled lizards
  5 kobolds
  5 rats
259 creatures vanquished.

Vanquished Creatures (others)
  8 plants
8 creatures vanquished.

Grand Total: 267 creatures vanquished

Notes
Turn   | Place    | Note
-------+----------+-------------------------------------------
     0 | D:1      | Infinimo the Ogre Gladiator began the quest for the Orb.
     0 | D:1      | Reached XP level 1. HP: 22/22 MP: 1/1
   200 | D:1      | Reached XP level 2. HP: 19/29 MP: 2/2
  1176 | D:2      | Reached XP level 3. HP: 27/37 MP: 3/3
  1263 | D:2      | Found a glowing silver altar of Zin.
  1312 | D:2      | Reached XP level 4. HP: 23/45 MP: 4/4
  1782 | D:2      | Noticed Natasha
  1934 | D:2      | Killed Natasha
  1992 | D:2      | Reached XP level 5. HP: 54/54 MP: 5/5
  2050 | D:2      | Noticed Natasha
  2067 | D:2      | Killed Natasha
  2627 | D:3      | Found Fibriuba's Antique Weapon Emporium.
  2638 | D:3      | Found an ornate altar of the Wu Jian Council.
  2645 | D:3      | Identified the ring of the Moon {MP+9 Dex+2}
  3531 | D:3      | Reached XP level 6. HP: 49/63 MP: 6/6
  3664 | D:4      | Noticed a black bear
  3981 | D:4      | Reached skill level 5 in Fighting
  3997 | D:4      | Identified the +5 whip "Witirep" {protect, Str+4 Dex+5}
  4094 | D:4      | Reached skill level 5 in Maces & Flails
  4200 | D:4      | Noticed a necrophage
  4209 | D:4      | Killed a necrophage
  4210 | D:4      | Reached XP level 7. HP: 69/72 MP: 7/7
  4620 | D:4      | Noticed Ijyb
  4632 | D:4      | Killed Ijyb
  5059 | D:5      | Entered Level 5 of the Dungeon
  5290 | D:5      | Reached XP level 8. HP: 77/83 MP: 8/8
  5628 | D:5      | Found a staircase to the Ecumenical Temple.
  5742 | D:5      | Reached skill level 5 in Dodging
  5950 | Temple   | Entered the Ecumenical Temple
  6113 | Temple   | Became a worshipper of Warmaster Okawaru
  7370 | D:6      | Reached XP level 9. HP: 80/88 MP: 9/9
  7378 | D:6      | Reached * piety under Okawaru
  7804 | D:7      | Noticed a cyclops
  8543 | D:7      | Found a hide-covered altar of Uskayaw.
  8544 | D:7      | Found a burning altar of Makhleb.
  8545 | D:7      | Found a glowing golden altar of the Shining One.
  8546 | D:7      | Found a hazy altar of Hepliaklqana.
  8669 | D:7      | Noticed a komodo dragon
  8693 | D:7      | Killed a komodo dragon
  8786 | D:7      | Reached ** piety under Okawaru
  9158 | D:7      | Noticed Prince Ribbit
  9163 | D:7      | Killed Prince Ribbit
  9291 | D:7      | Reached XP level 10. HP: 78/107 MP: 10/10
  9369 | D:7      | Killed a cyclops
  9369 | D:7      | Reached *** piety under Okawaru
  9984 | D:8      | Reached skill level 10 in Maces & Flails
 10007 | D:8      | Reached skill level 10 in Fighting
 10184 | D:8      | Noticed Pikel
 10192 | D:8      | Killed Pikel
 10397 | D:8      | Found a staircase to the Lair.
 10540 | D:8      | Reached **** piety under Okawaru
 10916 | D:8      | You fall into a shaft and drop 2 floors!
 10916 | D:10     | Entered Level 10 of the Dungeon
 11114 | D:9      | Noticed Harold
 11142 | D:9      | Killed Harold
 11142 | D:9      | Reached ***** piety under Okawaru
 11142 | D:9      | Received a gift from Okawaru
 11143 | D:9      | Reached XP level 11. HP: 120/120 MP: 11/11
 12234 | D:8      | Noticed Joseph
 12255 | D:8      | Killed Joseph
 12703 | D:9      | Found Ufinamim's Antique Armour Emporium.
 12713 | D:9      | Bought an embroidered scarf for 224 gold pieces
 12979 | D:9      | Found a snail-covered altar of Cheibriados.
 13209 | D:9      | Noticed Maurice
 13220 | D:9      | Killed Maurice
 13308 | D:9      | Noticed a two-headed ogre
 13332 | D:9      | Killed a two-headed ogre
 13958 | D:10     | Noticed a two-headed ogre
 13973 | D:10     | Killed a two-headed ogre
 14965 | D:11     | Noticed a cyclops
 14976 | D:11     | Hit by a large rock thrown by a cyclops

Illustrated notes

Levels and vault maps discovered:
D:1:      arrival_zaba_pyramid, layout_basic, hangedman_decor_points
D:2:      layout_loops_ring, basic_altar, uniq_natasha
D:3:      layout_loops_ring, old_standard_altar, serial_shops,
          nicolae_shop_behind_doors, portal_sewer_entry_e
D:4:      kennysheep_goblin_castle, layout_loops_cross, minmay_quantized
D:5:      layout_rooms, temple_hall
D:6:      layout_basic, small_statue_intersection, serial_bayou_pond_d,
          kennysheep_generic_room_14
D:7:      layout_loops_ring, mainiacjoe_overflow_alcove_3, minmay_lizard_king,
          uniq_prince_ribbit1
D:8:      layout_basic, erik_lair_dragon, uniq_joseph, uniq_pikel
D:9:      minmay_clustersquares, layout_stronghold, kennysheep_slug_shrine,
          serial_shops, nicolae_shop_crystal, uniq_maurice, uniq_harold
D:10:     layout_loops_cross, chequers_serial_rivers_micro_b,
          hangedman_abyss_or_decor_lesser_grid, grunt_livestock
D:11:     layout_loops_cross, beargit_hepliaklqana_dungeon_heroes
Temple:   eino_temple_scatter_basement

Skill      XL: |  1  2  3  4  5  6  7  8  9 10 11 |
---------------+----------------------------------+-----
Maces & Flails | 3 4 5 6 7 9 11 12 | 12.4
Fighting       | 3 4 5 6 7 9 11 12 | 12.3
Dodging        | 3 4 5 6 8 9 |  9.0
Throwing       | |  2.0

Action                   |  1- 3 |  4- 6 |  7- 9 | 10-12 || total
-------------------------+-------+-------+-------+-------++-------
Melee: Flail             |    83 |   114 |       |       ||   197
       Punch             |       |     1 |       |       ||     1
       Whip              |       |    26 |   365 |   505 ||   896
Throw: Dart              |     4 |       |       |       ||     4
       Throwing net      |     1 |       |       |     4 ||     5
       Large rock        |       |       |       |     6 ||     6
  Use: Scroll            |       |     5 |     8 |     6 ||    19
       Potion            |       |     2 |       |     1 ||     3
 Stab: Sleeping          |     1 |     1 |       |       ||     2
Armor: Robe              |    39 |    41 |    71 |    82 ||   233
       Skin              |       |       |       |     7 ||     7
Dodge: Dodged            |    78 |    74 |   155 |   218 ||   525
